 Dungeon Crawl Stone Soup version 0.29-a0-384-g6960b1960d (webtiles) character file.

Game seed: 15015154937338314467

77 Hubjo the Firebug (level 4, -3/26 HPs)
             Began as a Deep Elf Fire Elementalist on May 6, 2022.
             Slain by an orc
             ... wielding a +0 club
              (4 damage)
             ... on level 2 of the Dungeon.
             The game lasted 00:02:54 (2779 turns).

Hubjo the Firebug (Deep Elf Fire Elementalist)      Turns: 2779, Time: 00:02:55

Health: -3/26      AC:  2    Str:  5    XL:     4   Next: 14%
Magic:  2/11       EV: 13    Int: 20    God:
Gold:   117        SH:  0    Dex: 17    Spells: 9/10 levels left

rFire   . . .      SeeInvis .   (no weapon)
rCold   . . .      Faith    .   (no shield)
rNeg    . . .      Spirit   .   a - +0 robe
rPois   .          Reflect  .   (no helmet)
rElec   .          Harm     .   (no cloak)
rCorr   .          Rampage  .   (no gloves)
Will    .....                   (no boots)
Stlth   +++.......              (no amulet)
HPRegen 0.08/turn               (no ring)
MPRegen 0.12/turn               (no ring)

@: no status effects
A: no striking features
a: no special abilities


You were on level 2 of the Dungeon.
You visited 1 branch of the dungeon, and saw 3 of its levels.

You collected 117 gold pieces.

Inventory:

Armour
 a - a +0 robe (worn)
Scrolls
 c - a scroll of noise {unknown}
 e - a scroll of enchant weapon {unknown}
 f - a scroll of identify
 g - a scroll of fog
 h - a scroll of fear {unknown}
 k - a scroll of magic mapping {unknown}
Potions
 b - a potion of magic
 d - a potion of curing {unknown}
 i - a potion of cancellation {unknown}
 j - a potion of brilliance {unknown}
 l - a potion of lignification {unknown}


   Skills:
 * Level 1.8 Fighting
 - Level 2.4 Dodging
 + Level 3.3 Stealth
 + Level 3.7 Spellcasting
 - Level 1.1 Conjurations
 + Level 3.8 Fire Magic


You had 9 spell levels left.
You knew the following spells:

 Your Spells              Type           Power      Damage    Failure   Level
a - Foxfire               Conj/Fire      52%        2x1d6     4%          1

Your spell library contained the following spells:

 Spells                   Type           Power      Damage    Failure   Level
 Scorch                   Fire           38%        2d6       4%          2
 Animate Skeleton         Necr           6%         N/A       13%         1
 Apportation              Tloc           6%         N/A       13%         1
 Pain                     Necr           12%        1d4       13%         1
 Slow                     Hex            12%        N/A       13%         1
 Conjure Flame            Conj/Fire      13%        6-21      14%         3
 Inner Flame              Hex/Fire       11%        N/A       19%         3
 Confusing Touch          Hex            3%         N/A       36%         3
 Gell's Gravitas          Tloc           3%         N/A       36%         3
 Teleport Other           Tloc           3%         N/A       36%         3
 Vampiric Draining        Necr           3%         2d6       36%         3
 Flame Wave               Conj/Fire      13%        2d6       43%         4
 Alistair's Intoxication  Tmut/Pois      2%         N/A       98%         5
 Dispersal                Tloc           1%         N/A       100%        6


Dungeon Overview and Level Annotations

Branches:
Dungeon (3/15)

Altars:

Shops:
D:2 [


Message History

An orc comes into view. It is wielding a +0 short sword.
You conjure some foxfire!
The foxfire hits the orc but does no damage.
An orc comes into view. It is wielding a +0 club.
You conjure some foxfire!
The foxfire hits the orc but does no damage.
An orc priest comes into view. It is wielding a +0 club.
You are too depleted to draw on your mana recklessly!
You are too depleted to draw on your mana recklessly!
Your foxfire dissipates!
An endoplasm comes into view.
Your foxfire dissipates!
Your magical contamination has completely faded away.
The endoplasm attacks as you move away!
The endoplasm hits you but does no damage.
The endoplasm barely misses you.
An orc comes into view. It is wielding a +0 flail.
The endoplasm misses you. The endoplasm freezes you.
You are frozen.
The orc hits you with a +0 short sword.
The orc priest casts a cantrip, but nothing happens.
The endoplasm closely misses you. The endoplasm attacks as you move away!
The endoplasm barely misses you.
The orc priest calls down the wrath of Beogh upon you.
Beogh smites you!
Ouch! That really hurt!
* * * LOW HITPOINT WARNING * * *
There is a stone staircase leading up here.
The orc barely misses you. The orc hits you with a +0 club.
* * * LOW HITPOINT WARNING * * *
You climb upwards.
There is a stone staircase leading down here.
As you read the scroll labelled PUEKUS SUYFY, it crumbles to dust.
It is a scroll of identify.
g - a scroll of fog The orc hits you with a +0 short sword.
* * * LOW HITPOINT WARNING * * *
The orc hits you with a +0 club.
You die...

...........# #............##
......†...## #.............#
..##.....## #.............#
.#####.### #..............
....##..#### #..............
.#.........########..............
.##....#.#...#............##.....
.#####..........oo........##..>..
.# ##.####....@.........##.....
## #.####...(........#....(...
#.................#[.......
#####..................†... ##
#...................).# .#
#.#.................... P##
####....................## ..##
#.......................## ...#
##.###...................##


You could see 2 orcs.

Vanquished Creatures
  An orc wizard (D:3)
  2 worms
  A dart slug (D:1)
  An orc (D:3)
  5 endoplasms
  6 giant cockroaches
  2 goblins (D:1)
  4 hobgoblins
  A quokka (D:2)
  2 ball pythons
  4 frilled lizards
  6 kobolds
  9 rats
44 creatures vanquished.

Vanquished Creatures (collateral kills)
  2 foxfires (D:2)
2 creatures vanquished.

Vanquished Creatures (others)
  255 foxfires
  A plant (D:2)
256 creatures vanquished.

Grand Total: 302 creatures vanquished

Notes
Turn   | Place    | Note
-------+----------+-------------------------------------------
     0 | D:1      | Hubjo the Deep Elf Fire Elementalist began the quest for
                  | the Orb.
     0 | D:1      | Reached XP level 1. HP: 10/10 MP: 6/6
   284 | D:1      | Reached XP level 2. HP: 16/16 MP: 4/8
   936 | D:1      | Reached skill level 1 in Fighting
  1844 | D:2      | Reached XP level 3. HP: 20/20 MP: 5/9
  2258 | D:2      | Found Qauleo Biur's Antique Armour Boutique.
  2738 | D:3      | Reached XP level 4. HP: 26/26 MP: 2/11
  2779 | D:2      | HP: 1/26 [orc/+0 short sword (3)]
  2779 | D:2      | Slain by an orc

Illustrated notes

Levels and vault maps discovered:
D:1:      scummos_arrival_star, layout_basic
D:2:      layout_rooms, serial_shops, nicolae_shop_statue_plus,
          kennysheep_decorative_pillar, guppyfry_early_lair_pool
D:3:      layout_rooms, fedhas_altar_2

Skill      XL: |  1  2 |
---------------+-------+-----
Fighting       | 1 |  1.8
Stealth        | 3 |  3.3
Dodging        | |  2.4
Spellcasting   | |  3.7
Conjurations   | |  1.1
Fire Magic     | |  3.8

Action                   |  1- 3 |  4- 6 || total
-------------------------+-------+-------++-------
Melee: Unarmed           |     3 |       ||     3
 Cast: Foxfire           |   158 |     4 ||   162
  Use: Scroll            |       |     1 ||     1
Armor: Robe              |     2 |     1 ||     3
Dodge: Dodged            |    13 |     5 ||    18

Table legend: (Time is in decaauts)
 A = Elapsed time spent in this place.
 B = Non-inter-level travel time spent in this place.
 C = Inter-level travel time spent in this place.
 D = Time resting spent in this place.
 E = Time spent auto-exploring this place.
 F = Levels seen in this place.
 G = Mean time per level.
                   A        B        C        D        E       F      G
               +--------+--------+--------+--------+--------+-----+--------+
         Total |   2780 |   2724 |     56 |      0 |   2406 |   3 |  926.7 |
       Dungeon |   2780 |   2724 |     56 |      0 |   2406 |   3 |  926.7 |
               +--------+--------+--------+--------+--------+-----+--------+

Top non-repeatable levels by time:
     D:1: 1678 daAuts
     D:2: 883 daAuts
     D:3: 219 daAuts
